[Event "Saint Louis Blitz 2020"]
[Site "Saint Louis"]
[Date "2020.09.18"]
[Round "3"]
[White "Harikrishna, Pentala"]
[Black "Carlsen, Magnus"]
[Result "1-0"]
[ECO "B50"]
[WhiteElo "2732"]
[BlackElo "2863"]
[Annotator "ChessBase"]
[PlyCount "125"]
[EventDate "2020.09.18"]
[EventType "blitz"]
[EventCountry "USA"]
[SourceTitle "playchess.com"]
[Source "ChessBase"]
[SourceQuality "1"]
[TimeControl "300+3"]

1. e4 c5 2. Nf3 d6 3. c3 Nf6 4. Be2 Bd7 5. Qc2 Bc6 6. d3 Nbd7 7. O-O e6 8.
Nbd2 Rc8 9. d4 cxd4 10. Nxd4 Be7 11. Nxc6 Rxc6 12. Nb3 O-O 13. Be3 a6 14. Rad1 Rc8 15. f4 Qc7 16. Kh1 b5 17. Bd3 g6 18.
Qe2 Nb6 19. f5 gxf5 20. exf5 e5 21. Nd2 Kh8 22. Ne4 Nbd5 23.
Nxf6 Nxf6 24. Bg5 d5 25. Bc2 Rcd8 26. Bb3 e4 27. Bxf6+ Bxf6 28. Bxd5 Rfe8 29. Bxe4 Rxd1 30. Rxd1 b4 31.
Qxa6 Kg7 32. Qd3 bxc3 33. bxc3 Qe5 34. Bf3 Qe1+ 35. Qf1 Qxc3 36. Qf2 Qe5 37. Qg3+ Qxg3 38. hxg3 Re5 39. g4 Ra5 40. Bd5 Ra4 41. Bb3 Rxg4 42. Rd7 Kh6 43. Rxf7 Rh4+ 44. Kg1 Kg5 45. Be6 h5 46. Kf2 Rb4 47. Rf8 h4 48. Ke3 Bd4+ 49. Kf3 Bc5 50. Rg8+ Kf6 51. Rg6+ Ke5 52. Rg4 Rb1 53. Re4+ Kf6 54. Rxh4 Rf1+ 55. Ke4 Kg5 56. Rh8 Re1+ 57. Kd5 Ba3 58. Rg8+ Kf4 59. g3+ Kf3 60. f6 Rd1+ 61. Kc4 Rd6 62. Bd5+ Ke3 63. Ra8 1-0

[Event "Saint Louis Blitz 2020"]
[Site "Saint Louis"]
[Date "2020.09.18"]
[Round "4"]
[White "Nakamura, Hikaru"]
[Black "Firouzja, Alireza"]
[Result "1-0"]
[ECO "B51"]
[WhiteElo "2736"]
[BlackElo "2728"]
[Annotator "ChessBase"]
[PlyCount "111"]
[EventDate "2020.09.18"]
[EventType "blitz"]
[EventCountry "USA"]
[SourceTitle "playchess.com"]
[Source "ChessBase"]
[SourceQuality "1"]
[TimeControl "300+3"]

1. e4 c5 2. Nf3 d6 3. Bb5+ Nd7 4. Ba4 a6 5. c3 b5 6. Bc2 Bb7 7. O-O Ngf6 8.
Re1 g6 9. d4 cxd4 10. cxd4 Bg7 11. Nbd2 O-O 12. Nf1 Rc8 13. Ng3 Qc7 14. Bd3 Qb8 15. Bd2 e5 16. d5 Nc5 17. Bc2 Ba8 18. h3 Kh8 19. b4 Ncd7 20.
a4 Nb6 21. axb5 axb5 22. Bd3 Nc4 23. Qe2 Nxd2 24. Qxd2 Ng8 25. Ra5 Bh6 26. Qb2 Qc7 27. Rxb5 Bc1 28. Qa1 Bf4 29. Ra5 Qb6 30. Ra6 Qxb4 31. Ne2 Bh6 32. Rb1 Qc5 33. Ra7 Be3 34. fxe3 Qxe3+ 35. Kh1 Qxd3 36. Ng3 Nf6 37. Re1 Kg8 38. Kh2 h5 39. Ra3 Qc2 40. Ra6 Rfd8 41. Nxe5 h4 42. Nf1 Nxe4 43. Ng4 Nc3 44. Ra3 Bxd5 45. Nfe3 Qd2 46. Nf6+ Kf8 47. Nfxd5 Nxd5 48. Qh8+ Ke7 49. Nxd5+ Kd7 50. Nf6+ Kc6 51. Qxh4 d5 52. Rea1 g5 53. Ra6+ Kb5 54. Qa4+ Kc5 55. Ra5+ Kd6 56. Rxd5+ 1-0

[Event "Saint Louis Blitz 2020"]
[Site "Saint Louis"]
[Date "2020.09.18"]
[Round "4"]
[White "Xiong, Jeffery"]
[Black "Harikrishna, Pentala"]
[Result "0-1"]
[ECO "B12"]
[WhiteElo "2709"]
[BlackElo "2732"]
[Annotator "ChessBase"]
[PlyCount "36"]
[EventDate "2020.09.18"]
[EventType "blitz"]
[EventCountry "USA"]
[SourceTitle "playchess.com"]
[Source "ChessBase"]
[SourceQuality "1"]
[TimeControl "300+3"]

1. e4 c6 2. d4 d5 3. f3 dxe4 4. fxe4 e5 5. Nf3 Bg4 6. Bc4 Nd7 7. c3 Bd6 8. Qb3 Qe7 9. O-O Ngf6 10. Qxb7 O-O 11. dxe5 Bxe5 12. Nxe5 Qc5+ 13. Kh1 Nxe5 14. b3 Nxc4 15. bxc4 Nxe4 16. Qb2 Rad8 17. Qc2 Rfe8 18. Bf4 Nf2+ 0-1

[Event "Saint Louis Blitz 2020"]
[Site "Saint Louis"]
[Date "2020.09.18"]
[Round "5"]
[White "Harikrishna, Pentala"]
[Black "Nakamura, Hikaru"]
[Result "1/2-1/2"]
[ECO "C67"]
[WhiteElo "2732"]
[BlackElo "2736"]
[Annotator "ChessBase"]
[PlyCount "44"]
[EventDate "2020.09.18"]
[EventType "blitz"]
[EventCountry "USA"]
[SourceTitle "playchess.com"]
[Source "ChessBase"]
[SourceQuality "1"]
[TimeControl "300+3"]

1. e4 e5 2. Nf3 Nc6 3. Bb5 Nf6 4. O-O Nxe4 5. Re1 Nd6 6.
Nxe5 Be7 7. Bf1 Nf5 8. Nf3 O-O 9. d4 d5 10. Nc3 Nh4 11. Nxh4 Bxh4 12. Bf4 Bf5 13. Bd3 Bxd3 14. Qxd3 Bf6 15. Ne2 Ne7 16. Ng3 Ng6 17. Bd2 c6 18. Bb4 Re8 19. Rxe8+ Qxe8 20. Re1 Qd7 21. Qf5 Qxf5 22. Nxf5 Nf4 1/2-1/2

[Event "Saint Louis Blitz 2020"]
[Site "Saint Louis"]
[Date "2020.09.18"]
[Round "5"]
[White "Firouzja, Alireza"]
[Black "Dominguez Perez, Leinier"]
[Result "1/2-1/2"]
[ECO "C82"]
[WhiteElo "2728"]
[BlackElo "2758"]
[Annotator "ChessBase"]
[PlyCount "154"]
[EventDate "2020.09.18"]
[EventType "blitz"]
[EventCountry "USA"]
[SourceTitle "playchess.com"]
[Source "ChessBase"]
[SourceQuality "1"]
[TimeControl "300+3"]

1. e4 e5 2. Nf3 Nc6 3. Bb5 a6 4. Ba4 Nf6 5. O-O Nxe4 6. d4 b5 7. Bb3 d5 8. dxe5 Be6 9. c3 Bc5 10. Qd3 O-O 11. Nbd2 f5 12. exf6 Nxf6 13. Bc2 Qd6 14. Nb3 Bb6 15. Nfd4 Ne5 16. Qg3 Ne4 17. Bxe4 dxe4 18. Nxe6 Bxf2+ 19. Qxf2 Rxf2 20. Rxf2 Qxe6 21.
Nd4 Qd7 22. Be3 Ng4 23. Re2 c5 24. Nb3 Nxe3 25. Rxe3 Qd5 26. Rae1 Re8 27. h3 h6 28. R1e2 Kh7 29. Rd2 Qg5 30. Rde2 Rd8 31. Rxe4 Rd1+ 32. Kh2 Qf6 33. Kg3 Rd3+ 34. Kh2 Qd6+ 35. Kg1 Rd1+ 36. Kf2 Qf6+ 37. Kg3 Rf1 38. Nd2 Qd6+ 39. Re5 Rf5 40. Nf3 Rxe5 41. Nxe5 c4 42. a3 a5 43. Kf2 Qc5+ 44. Kg3 b4 45. axb4 axb4 46. cxb4 Qxb4 47. Nf3 Qd6+ 48. Kf2 Qc5+ 49. Kg3 Kg8 50. Rd2 Kf7 51. Rd4 Kg8 52. Rd2 Kh7 53. Re2 Qc7+ 54. Kf2 Qb6+ 55. Kg3 Qc5 56. Rd2 Qe3 57. Rc2 Qe4 58. Rd2 g5 59. Rd7+ Kg8 60. Rd8+ Kg7 61. Rd7+ Kf8 62. Rd8+ Ke7 63. Rd4 Qc2 64. Rd2 Qb3 65. Kf2 Qb6+ 66. Kg3 Qb8+ 67. Kf2 Kf6 68. g4 Qb6+ 69. Kg2 Qe3 70. Rf2 Kg7 71. Rd2 Qe4 72. Rd7+ Kf8 73. Rd2 Kg7 74. Rd7+ Kg8 75. Rd2 Qe3 76. Rc2 Kg7 77. Rd2 Qe4 1/2-1/2

[Event "Saint Louis Blitz 2020"]
[Site "Saint Louis"]
[Date "2020.09.18"]
[Round "6"]
[White "So, Wesley"]
[Black "Firouzja, Alireza"]
[Result "1/2-1/2"]
[ECO "D37"]
[WhiteElo "2770"]
[BlackElo "2728"]
[Annotator "ChessBase"]
[PlyCount "65"]
[EventDate "2020.09.18"]
[EventType "blitz"]
[EventCountry "USA"]
[SourceTitle "playchess.com"]
[Source "ChessBase"]
[SourceQuality "1"]
[TimeControl "300+3"]

1. d4 Nf6 2. c4 e6 3. Nf3 d5 4. Nc3 Be7 5. Bf4 O-O 6. e3 Nbd7 7. Be2 dxc4 8.
O-O c5 9. dxc5 Nxc5 10. Bxc4 Qxd1 11. Rfxd1 b6 12. Bd6 Bxd6 13. Rxd6 Bb7 14. Rad1 Bxf3 15. gxf3 Rfc8 16. Be2 g5 17. R6d4 Kf8 18. h4 gxh4 19. Kh2 Ke7 20. Kh3 a5 21. f4 Rab8 22. e4 h5 23.
f3 Rg8 24. e5 Nd5 25. Nxd5+ exd5 26. f5 f6 27. e6 Rg3+ 28. Kxh4 Rbg8 29. Rxd5 Rg2 30. Bf1 Rh2+ 31. Bh3 Rxb2 32. f4 Rh2 33. R5d2 1/2-1/2

[Event "Saint Louis Blitz 2020"]
[Site "Saint Louis"]
[Date "2020.09.18"]
[Round "6"]
[White "Nakamura, Hikaru"]
[Black "Dominguez Perez, Leinier"]
[Result "1-0"]
[ECO "C77"]
[WhiteElo "2736"]
[BlackElo "2758"]
[Annotator "ChessBase"]
[PlyCount "85"]
[EventDate "2020.09.18"]
[EventType "blitz"]
[EventCountry "USA"]
[SourceTitle "playchess.com"]
[Source "ChessBase"]
[SourceQuality "1"]
[TimeControl "300+3"]

1. e4 e5 2. Nf3 Nc6 3. Bb5 a6 4. Ba4 Nf6 5. d3 b5 6. Bb3 Bc5 7. a4 Rb8 8. O-O d6 9. axb5 axb5 10. h3 h6 11. Nc3 O-O 12. Ne2 Re8 13.
c3 Bb6 14. Ng3 Be6 15. Re1 d5 16. Be3 Bxe3 17. Rxe3 dxe4 18. dxe4 Qxd1+ 19. Bxd1 Ra8 20. Rc1 Ra2 21. b4 Bc4 22. Be2 Bxe2 23. Nxe2 Rb2 24. Ng3 Na7 25. Ne1 Nc8 26. Nd3 Ra2 27. c4 bxc4 28. Rxc4 Ra7 29. Re1 Nd6 30. Rc6 g6 31. f3 Kg7 32. Rec1 Re7 33. R6c5 Ra3 34. Nxe5 Nd7 35. Rxc7 Rxe5 36. Rxd7 Nb5 37. Ne2 Ra2 38. Nf4 g5 39. Nh5+ Kg6 40. g4 Re6 41. f4 Rd6 42. f5+ Kh7 43. Rxf7+ 1-0

[Event "Saint Louis Blitz 2020"]
[Site "Saint Louis"]
[Date "2020.09.18"]
[Round "6"]
[White "Harikrishna, Pentala"]
[Black "Aronian, Levon"]
[Result "1/2-1/2"]
[ECO "A49"]
[WhiteElo "2732"]
[BlackElo "2773"]
[Annotator "ChessBase"]
[PlyCount "163"]
[EventDate "2020.09.18"]
[EventType "blitz"]
[EventCountry "USA"]
[SourceTitle "playchess.com"]
[Source "ChessBase"]
[SourceQuality "1"]
[TimeControl "300+3"]

1. d4 Nf6 2. Nf3 g6 3. g3 Bg7 4. Bg2 d5 5. O-O O-O 6. Bf4 c5 7. dxc5 Na6 8. c4 Nxc5 9. cxd5 Nxd5 10. Be5 Bxe5 11. Nxe5 Nf6 12. Qc1 Qd6 13. Nc4 Qa6 14. b4 Nb3 15. b5 Nxc1 16. bxa6 Nxe2+ 17. Kh1 Rb8 18. Nbd2 Nd4 19. axb7 Bxb7 20. Nb3 Bxg2+ 21.
Kxg2 Rfc8 22. Nca5 Nc6 23. Nxc6 Rxc6 24. Rac1 Ra6 25. Rc2 Nd5 26. Rd2 e6 27. h4 h5 28. Rc1 Kg7 29. Nd4 Rb4 30. Nf3 Rba4 31.
Rcc2 Rb6 32. Ng5 Rb7 33. Rd3 Rab4 34. Rdd2 Rd7 35. Re2 Rbb7 36. Rc8 Rbc7 37. Rb8 Nf6 38. Reb2 Re7 39. Rd8 Rcd7 40. Rc8 Rc7 41. Rd8 Rb7 42. Rc2 Rec7 43. Re2 Rd7 44. Rc8 Rbc7 45. Rxc7 Rxc7 46. Rxe6 Nh7 47. Ra6 Nxg5 48. hxg5 Kf8 49. Kh3 Ke7 50. f4 Kf8 51. Ra4 Kg7 52. g4 hxg4+ 53. Kxg4 Rb7 54. Ra6 Rc7 55. a4 Re7 56. a5 Rc7 57. Kf3 Re7 58. Rc6 Kf8 59. Rc8+ Kg7 60. Rc6 Kf8 61. Rc5 Kg7 62. f5 gxf5 63. Rxf5 Kg6 64. Rc5 Re6 65. Kf4 a6 66. Rd5 Rc6 67. Re5 Rc4+ 68. Kf3 Rc1 69. Rd5 Rc4 70. Rd6+ Kxg5 71. Rxa6 Ra4 72. Ra8 Kf5 73. a6 Ra3+ 74. Ke2 Kf4 75. a7 f5 76. Kd2 Kf3 77. Rf8 Ra2+ 78. Kc3 Ra3+ 79. Kb4 Rxa7 80. Rxf5+ Ke4 81. Ra5 Rxa5 82. Kxa5 1/2-1/2

[Event "Saint Louis Blitz 2020"]
[Site "Saint Louis"]
[Date "2020.09.18"]
[Round "6"]
[White "Xiong, Jeffery"]
[Black "Nepomniachtchi, Ian"]
[Result "1/2-1/2"]
[ECO "C47"]
[WhiteElo "2709"]
[BlackElo "2784"]
[Annotator "ChessBase"]
[PlyCount "166"]
[EventDate "2020.09.18"]
[EventType "blitz"]
[EventCountry "USA"]
[SourceTitle "playchess.com"]
[Source "ChessBase"]
[SourceQuality "1"]
[TimeControl "300+3"]

1. e4 Nc6 2. Nf3 e5 3. Nc3 Nf6 4. d4 exd4 5. Nxd4 Bb4 6.
Nxc6 bxc6 7. Bd3 O-O 8. O-O Re8 9. Bg5 h6 10. Bh4 Be7 11.
Bg3 Rb8 12. e5 Nd5 13. Nxd5 cxd5 14. c4 Bb7 15. cxd5 Bxd5 16. Bh7+ Kxh7 17. Qxd5 Kg8 18. b3 d6 19. Rad1 Rb6 20. Rfe1 Bf8 21. h3 c6 22. Qa5 d5 23. Qxa7 Bb4 24. Re2 Re7 25. Qa4 Qc8 26. a3 Re8 27. Rc2 Qb7 28.
Rxd5 Bxa3 29. Rd3 Bf8 30. Qc4 c5 31. Rcd2 Qc6 32. Rf3 Qe6 33.
Qxe6 fxe6 34. h4 Reb8 35. Rdd3 Be7 36. h5 Bg5 37. Rc3 Bd2 38.
Rxc5 Rxb3 39. Rxb3 Rxb3 40. Rc6 Kf7 41. Rc7+ Kf8 42. Kh2 Rb4 43. Rc6 Kf7 44. Kh3 Bf4 45. Rc7+ Kf8 46. f3 Bxg3 47. Kxg3 Rb5 48. f4 Rb3+ 49. Kg4 Rb4 50. g3 Ra4 51. Rb7 Rc4 52. Rb3 Kf7 53. Kf3 Rc1 54. g4 Rf1+ 55. Ke4 Re1+ 56. Re3 Rg1 57. Kf3 Rf1+ 58. Kg3 Rg1+ 59. Kh3 Rf1 60. Re4 Rf3+ 61. Kg2 Ra3 62. f5 Ra1 63. Rb4 Re1 64. Rb5 Re4 65. Kf3 exf5 66. gxf5 Rh4 67. Rb7+ Kf8 68. Rb8+ Ke7 69. Rb7+ Kf8 70. e6 Rxh5 71. Rb8+ Ke7 72. Rb7+ Kf8 73. Kf4 Rh1 74. Rb8+ Ke7 75. Rb7+ Kf8 76. Rf7+ Kg8 77. Rd7 Re1 78. Rd8+ Kh7 79. Rd7 Kg8 80. Rd8+ Kh7 81. Kg4 Re4+ 82. Kf3 Re5 83. Kf4 Re1 1/2-1/2

[Event "Saint Louis Blitz 2020"]
[Site "Saint Louis"]
[Date "2020.09.18"]
[Round "7"]
[White "Nepomniachtchi, Ian"]
[Black "Harikrishna, Pentala"]
[Result "1/2-1/2"]
[ECO "A01"]
[WhiteElo "2784"]
[BlackElo "2732"]
[Annotator "RC"]
[PlyCount "234"]
[EventDate "2020.09.18"]
[EventType "blitz"]
[EventCountry "USA"]
[SourceTitle "playchess.com"]
[Source "ChessBase"]
[SourceQuality "1"]
[TimeControl "300+3"]

1. b3 d5 2. Bb2 c6 3. d3 Bf5 4. Nd2 h6 5. g3 a5 6. a3 Nd7 7. Bg2 e6 8. e4 Bh7 9. Qe2 Ngf6 10. e5 Ng8 11. Nh3 Ne7 12. Nf4 Qc7 13. Nh5 g6 14. Nf6+ Nxf6 15. exf6 Nf5 16. O-O g5 17. Nf3 Bd6 18. Ne5 c5 19. Rae1 O-O-O 20. b4 Nd4 21. Bxd4 cxd4 22. Nf3 axb4 23. axb4 Bxb4 24. Rb1 Bc5 25. Ra1 Kb8 26. Ra2 e5 27. Rfa1 Qd6 28. Qxe5 Rhe8 29. Ra8+ Kc7 30. Qxe8 Rxe8 31. Rxe8 Qxf6 32. Ne5 Bd6 33.
Re1 Bf5 34. Bxd5 Bxe5 35. R8xe5 Kd6 36. Bxb7 Qxe5 37. Rxe5 Kxe5 38. Kf1 f6 39. Ke2 Kd6 40. Kd2 Kc5 41. Be4 Bd7 42. c3 dxc3+ 43. Kxc3 Be6 44. d4+ Kd6 45. Kb4 Bf7 46. Kb5 Bd5 47. Bd3 Be6 48. Bc4 Bd7+ 49. Kb4 Bc6 50. Kc3 Be4 51. Kd2 Bf5 52. Ke3 Bg6 53. Bd3 Bf7 54. Bf5 Bd5 55. Be4 Bb3 56. Bb7 Bc2 57. Kf3 Bd1+ 58. Ke4 Bc2+ 59. Ke3 Bb3 60. Bf3 Bf7 61. Be2 Bd5 62. f4 Bc6 63. Bf3 Ba4 64. Be4 Bb3 65. Bd3 Bd5 66. Bc2 Bc6 67. Bb3 Bg2 68. Bd1 Bd5 69. Bc2 Bc6 70. Be4 Ba4 71. Ke2 Bb3 72. Bg6 Bd5 73. Ke3 Bb3 74. Bh5 Bd5 75. Bd1 Bc6 76. Bb3 Bg2 77. Kd2 Be4 78. Kc3 Bc6 79. Bc2 Bd5 80. Kd3 Bc6 81. Ke3 Bd5 82. h4 Bc6 83. Be4 Ba4 84. Bb7 Bc2 85. Kf3 Bd1+ 86. Kg2 Bb3 87. Bf3 Be6 88. Be4 Bb3 89. Kh3 Be6+ 90. Kh2 Bc4 91. Kg2 Be6 92. Kf3 Bd7 93. Bb7 Bf5 94. Ba8 Be6 95. Ke4 Bh3 96. Kf3 Bf5 97. Bb7 Be6 98. Ke4 Bh3 99. Ba6 Bd7 100. Bc4 Bh3 101. Bg8 Bd7 102. Bh7 Be6 103. Bg6 Bd7 104. d5 Bh3 105. Bf7 Bd7 106. h5 Bg4 107. Be6 Bxh5 108. Kf5 gxf4 109. gxf4 Ke7 110. d6+ Kxd6 111.
Kxf6 Be2 112. Bh3 h5 113. Kg5 Ke7 114. f5 Kf7 115. f6 Bg4 116. Bxg4 hxg4 117. Kxg4 Kxf6 1/2-1/2

[Event "Saint Louis Blitz 2020"]
[Site "Saint Louis"]
[Date "2020.09.18"]
[Round "7"]
[White "Grischuk, Alexander"]
[Black "Xiong, Jeffery"]
[Result "1/2-1/2"]
[ECO "B06"]
[WhiteElo "2777"]
[BlackElo "2709"]
[Annotator "RC"]
[PlyCount "84"]
[EventDate "2020.09.18"]
[EventType "blitz"]
[EventCountry "USA"]
[SourceTitle "playchess.com"]
[Source "ChessBase"]
[SourceQuality "1"]
[TimeControl "300+3"]

1. d4 g6 2. e4 Bg7 3. Nf3 d6 4. Bd3 Nc6 5. O-O e5 6. dxe5 Nxe5 7. Nxe5 dxe5 8.
Bc4 Be6 9. Bxe6 fxe6 10. a4 Nf6 11. f3 Qe7 12. Be3 O-O 13.
Nd2 Rfd8 14. Qe2 Bf8 15. Qb5 Nd7 16. Nc4 Rab8 17. Bxa7 c6 18.
Qb3 b5 19. axb5 cxb5 20. Na5 Nc5 21. Bxc5 Qxc5+ 22. Kh1 Rd6 23. c3 b4 24. Qc4 Qb6 25. Qe2 bxc3 26. bxc3 Qc5 27. h3 Bh6 28. Qc4 Qb6 29. Qe2 Qc5 30. Qc4 Qb6 31. Qa4 Qc5 32. Nc4 Rd3 33. Qa6 Re8 34. Nxe5 Rxc3 35. Ng4 Bg7 36. e5 Qe7 37. Qa5 Rc5 38. Qb4 Bxe5 39. Nxe5 Rxe5 40. Qxe7 Rxe7 41. Rae1 Rxe1 42. Rxe1 Kf7 1/2-1/2

[Event "Saint Louis Blitz 2020"]
[Site "Saint Louis"]
[Date "2020.09.18"]
[Round "7"]
[White "Dominguez Perez, Leinier"]
[Black "So, Wesley"]
[Result "1/2-1/2"]
[ECO "C67"]
[WhiteElo "2758"]
[BlackElo "2770"]
[Annotator "ChessBase"]
[PlyCount "73"]
[EventDate "2020.09.18"]
[EventType "blitz"]
[EventCountry "USA"]
[SourceTitle "playchess.com"]
[Source "ChessBase"]
[SourceQuality "1"]
[TimeControl "300+3"]

1. e4 e5 2. Nf3 Nc6 3. Bb5 Nf6 4. O-O Nxe4 5. Re1 Nd6 6.
Nxe5 Be7 7. Bd3 Nxe5 8. Rxe5 O-O 9. Nc3 Bf6 10. Re3 Bg5 11.
Re1 b6 12. Bf1 Bb7 13. d4 Bxc1 14. Qxc1 Qf6 15. Qd2 Rae8 16. Nb5 Nxb5 17. Bxb5 Bc6 18. Bf1 d5 19. c3 Bd7 20. Rxe8 Rxe8 21. Re1 Rxe1 22. Qxe1 Qe6 23. Qxe6 Bxe6 24. Bd3 g5 25. g3 h6 26. f3 Kf8 27. Kf2 Ke7 28. Ke3 Kd6 29. a3 a5 30. f4 f6 31. Bc2 Bd7 32. Bd3 Be6 33.
b4 Bd7 34. Bc2 Be6 35. Bd3 Bd7 36. Bc2 Be6 37. Bd3 1/2-1/2

[Event "Saint Louis Blitz 2020"]
[Site "Saint Louis"]
[Date "2020.09.18"]
[Round "7"]
[White "Firouzja, Alireza"]
[Black "Carlsen, Magnus"]
[Result "0-1"]
[ECO "C65"]
[WhiteElo "2728"]
[BlackElo "2863"]
[Annotator "ChessBase"]
[PlyCount "140"]
[EventDate "2020.09.18"]
[EventType "blitz"]
[EventCountry "USA"]
[SourceTitle "playchess.com"]
[Source "ChessBase"]
[SourceQuality "1"]
[TimeControl "300+3"]

1. e4 e5 2. Nf3 Nc6 3. Bb5 Nf6 4. d3 Bc5 5. Bxc6 dxc6 6. O-O Bg4 7. h3 Bh5 8. Nbd2 Nd7 9. Nc4 f6 10. Rb1 a5 11. Bd2 b6 12. Be3 Be7 13.
b3 Nc5 14. a4 Ne6 15. Qe2 c5 16. c3 Qd7 17. Rfd1 Rd8 18. Rb2 Qc8 19. Rbd2 O-O 20. g4 Bf7 21. Nh4 g6 22. Ng2 g5 23. f3 h5 24. Bf2 Kh7 25.
Nce3 Rh8 26. Nf5 Bf8 27. d4 cxd4 28. cxd4 hxg4 29. hxg4 Bb4 30. d5 Ng7 31. Rc2 Nxf5 32. gxf5 Qd7 33. Ne3 Kg7 34. Rdc1 Rc8 35. Rc6 Rh3 36. Kg2 Rch8 37. Ng4 Bd6 38. Bg3 R3h7 39. Qb2 Qe7 40. R1c4 Bh5 41. Qc3 Bxg4 42. Rxc7 Bh3+ 43. Kf2 Bxc7 44. Rxc7 Kh6 45. Rxe7 Rxe7 46. d6 Rd7 47. Bxe5 fxe5 48. Qxe5 Kh7 49. Qf6 Rg8 50. e5 Rgg7 51. Kg3 Rdf7 52. Qd8 Bxf5 53. Qe8 Bd7 54. Qa8 Rg6 55. Qb7 Re6 56. Qe4+ Kg7 57. Qe3 Rf5 58. Qxb6 Rexe5 59. Qa7 Rf7 60. Qd4 Kf6 61. b4 axb4 62. Qxb4 Kg6 63. a5 Re3 64. a6 Rexf3+ 65. Kg2 Rf2+ 66. Kg1 Rf1+ 67. Kg2 Bc6+ 68. Kg3 R7f3+ 69. Kh2 R3f2+ 70. Kg3 Rg2+ 0-1

[Event "Saint Louis Blitz 2020"]
[Site "Saint Louis"]
[Date "2020.09.18"]
[Round "8"]
[White "Carlsen, Magnus"]
[Black "Dominguez Perez, Leinier"]
[Result "1-0"]
[ECO "D02"]
[WhiteElo "2863"]
[BlackElo "2758"]
[Annotator "ChessBase"]
[PlyCount "157"]
[EventDate "2020.09.18"]
[EventType "blitz"]
[EventCountry "USA"]
[SourceTitle "playchess.com"]
[Source "ChessBase"]
[SourceQuality "1"]
[TimeControl "300+3"]

1. d4 Nf6 2. Nf3 d5 3. Bf4 e6 4. Nbd2 Bd6 5. Bg5 h6 6.
Bxf6 Qxf6 7. e4 Qd8 8. e5 Be7 9. c3 c5 10. Bd3 cxd4 11.
Nxd4 Nc6 12. N2f3 Qb6 13. Qe2 Bd7 14. O-O g5 15. Nxc6 bxc6 16.
b3 g4 17. Nd2 h5 18. Kh1 f5 19. exf6 Bxf6 20. Rac1 Qc7 21. f4 O-O 22. Bg6 Be8 23. Qxe6+ Kg7 24. Bb1 Bd7 25. Qe3 Rae8 26. Qd3 Rf7 27. Qg6+ Kf8 28. Qxh5 Re2 29. Bg6 Rg7 30. Rce1 Re6 31. Qh8+ Rg8 32. Qh6+ Bg7 33. Qh5 Rh8 34. Qf5+ Rf6 35. Qg5 Qd6 36. Bd3 Bh6 37. Qe5 Qxe5 38. fxe5 Rxf1+ 39. Nxf1 Be6 40. Ne3 Ke7 41. Nf5+ Bxf5 42. Bxf5 g3 43. Re2 Bf4 44. h3 Rh5 45. Bg4 Rxe5 46. c4 dxc4 47. bxc4 c5 48. Rxe5+ Bxe5 49. Kg1 Kf6 50. Kf1 Kg5 51. Ke2 Kf4 52. Bf3 Bf6 53. Kd3 Ke5 54. Kc3 Kd6+ 55. Kb3 Kc7 56. Bd5 Bg5 57. Kc3 Kd6 58. Ba8 Bf6+ 59. Kd3 Ke5 60. Ke3 Kf5 61. Kf3 Be5 62. h4 Bd6 63. Be4+ Kf6 64. Kg4 Be5 65. h5 Bd6 66. h6 Bc7 67. h7 Kg7 68. Kf3 a5 69. Bc2 Be5 70. Ke4 Bc3 71. Kf4 Be1 72. Ke5 Kh8 73. Kd5 Bb4 74. Kc6 Kg7 75. Kb5 Kh8 76. Ka4 Kg7 77. a3 Bd2 78. Kb5 Bc1 79. a4 1-0

[Event "Saint Louis Blitz 2020"]
[Site "Saint Louis"]
[Date "2020.09.18"]
[Round "8"]
[White "Aronian, Levon"]
[Black "Nepomniachtchi, Ian"]
[Result "1/2-1/2"]
[ECO "D84"]
[WhiteElo "2773"]
[BlackElo "2784"]
[Annotator "RC"]
[PlyCount "46"]
[EventDate "2020.09.18"]
[EventType "blitz"]
[EventCountry "USA"]
[SourceTitle "playchess.com"]
[Source "ChessBase"]
[SourceQuality "1"]
[TimeControl "300+3"]

1. d4 Nf6 2. c4 g6 3. Nc3 d5 4. Bf4 Bg7 5. e3 O-O 6. cxd5 Nxd5 7. Nxd5 Qxd5 8.
Bxc7 Na6 9. Bxa6 Qxg2 10. Qf3 Qxf3 11. Nxf3 bxa6 12. O-O f6 13. Nd2 Bb7 14. Rfc1 Rac8 15. Ba5 e5 16. Bb4 Rfd8 17. Be7 Rxc1+ 18. Rxc1 Rd7 19. Bc5 f5 20. Nb3 Bd5 21. dxe5 Bxb3 22. axb3 Bxe5 23. Ra1 Rb7 1/2-1/2

[Event "Saint Louis Blitz 2020"]
[Site "Saint Louis"]
[Date "2020.09.18"]
[Round "8"]
[White "Nakamura, Hikaru"]
[Black "So, Wesley"]
[Result "1/2-1/2"]
[ECO "C65"]
[WhiteElo "2736"]
[BlackElo "2770"]
[Annotator "ChessBase"]
[PlyCount "56"]
[EventDate "2020.09.18"]
[EventType "blitz"]
[EventCountry "USA"]
[SourceTitle "playchess.com"]
[Source "ChessBase"]
[SourceQuality "1"]
[TimeControl "300+3"]

1. e4 e5 2. Nf3 Nc6 3. Bb5 Nf6 4. d3 Bc5 5. Bxc6 dxc6 6.
Nbd2 Be6 7. O-O Bd6 8. d4 Nd7 9. dxe5 Nxe5 10. Nxe5 Bxe5 11. f4 Bd4+ 12. Kh1 f5 13. Qh5+ g6 14. Qe2 O-O 15. Nf3 Bf6 16.
e5 Be7 17. Be3 c5 18. c4 Qe8 19. Bf2 Rd8 20. b3 Qc6 21. Qe1 Qe4 22. Bh4 Qxe1 23. Rfxe1 Bxh4 24. Nxh4 Rd4 25. g3 Bd7 26. Kg1 Bc6 27. Kf2 Rfd8 28. Re2 Kf7 1/2-1/2

[Event "Saint Louis Blitz 2020"]
[Site "Saint Louis"]
[Date "2020.09.18"]
[Round "8"]
[White "Harikrishna, Pentala"]
[Black "Grischuk, Alexander"]
[Result "0-1"]
[ECO "A49"]
[WhiteElo "2732"]
[BlackElo "2777"]
[Annotator "RC"]
[PlyCount "96"]
[EventDate "2020.09.18"]
[EventType "blitz"]
[EventCountry "USA"]
[SourceTitle "playchess.com"]
[Source "ChessBase"]
[SourceQuality "1"]
[TimeControl "300+3"]

1. d4 Nf6 2. Nf3 g6 3. g3 Bg7 4. Bg2 O-O 5. O-O d6 6. Re1 Nbd7 7. e4 e5 8. Nc3 c6 9. a4 Re8 10. h3 Qc7 11. a5 Rb8 12. Be3 b5 13.
axb6 axb6 14. dxe5 dxe5 15. Nd2 b5 16. Nb3 Bb7 17. Qe2 Ra8 18.
Red1 Bf8 19. Qf3 Kg7 20. h4 b4 21. Rxa8 Rxa8 22. Ne2 c5 23.
Nd2 c4 24. g4 c3 25. bxc3 bxc3 26. Nxc3 h5 27. gxh5 Nxh5 28.
Nf1 Ndf6 29. Bg5 Rc8 30. Nd5 Bxd5 31. exd5 e4 32. Qe2 Bd6 33. Ne3 Bh2+ 34. Kf1 Bf4 35. Bh3 Rh8 36. Bg2 Qe5 37. Bxf6+ Nxf6 38. Ng4 Nxg4 39. Qxg4 e3 40. d6 Rxh4 41. Qe2 Bg5 42. Rd5 Qa1+ 43. Qd1 Qf6 44. f3 Ra4 45. d7 Ra1 46. d8=Q Qa6+ 47. Ke1 Rxd1+ 48. Rxd1 Bxd8 0-1

[Event "Saint Louis Blitz 2020"]
[Site "Saint Louis"]
[Date "2020.09.18"]
[Round "8"]
[White "Xiong, Jeffery"]
[Black "Firouzja, Alireza"]
[Result "1-0"]
[ECO "A46"]
[WhiteElo "2709"]
[BlackElo "2728"]
[Annotator "ChessBase"]
[PlyCount "115"]
[EventDate "2020.09.18"]
[EventType "blitz"]
[EventCountry "USA"]
[SourceTitle "playchess.com"]
[Source "ChessBase"]
[SourceQuality "1"]
[TimeControl "300+3"]

1. d4 Nf6 2. Nf3 e6 3. Bf4 b6 4. e3 Bb7 5. Nbd2 Be7 6. h3 O-O 7. Bd3 d6 8. O-O Nbd7 9. a4 a6 10. Bh2 Re8 11. c3 Bf8 12. e4 e5 13.
Re1 g6 14. b4 Bg7 15. Qb3 Qe7 16. a5 b5 17. d5 c6 18. dxc6 Bxc6 19. c4 Reb8 20. Rac1 h6 21. Bg3 Qe6 22. Qd1 Nh5 23. Bh2 Qe7 24. Nf1 Kh7 25. Ne3 bxc4 26. Rxc4 Bb5 27. Nd5 Qd8 28. Rc1 Bxd3 29. Qxd3 Nhf6 30. Red1 Rc8 31. Bg3 Nh5 32. Rxc8 Qxc8 33. Ne7 Qb7 34. Qxd6 Nxg3 35. Qxd7 Qxd7 36. Rxd7 Nxe4 37. Nc6 f6 38. Nd2 Nxd2 39. Rxd2 Bf8 40. Rd7+ Kg8 41. Rb7 e4 42. Kf1 Bd6 43. Ke2 Rc8 44. Rb6 Ra8 45. g4 Kf7 46. Ke3 f5 47. gxf5 gxf5 48. Nd4 Bf8 49. Nxf5 h5 50. Kxe4 Rd8 51. Nd4 Re8+ 52. Kf3 Re1 53. Nc6 Ke6 54. Rxa6 Kd5 55. Rb6 Ra1 56. a6 Bd6 57. a7 Ra3+ 58. Kg2 1-0